 Dungeon Crawl Stone Soup version 0.28.0-53-g5a82cb258f (webtiles) character file.

Game seed: 5619445413839956370

124825 Sin92 the Thaumaturge (level 16, -8/122 HPs)
             Began as a Demonspawn Hedge Wizard on July 7, 2022.
             Was an Elder of Sif Muna.
             Killed from afar by Roxanne (44 damage)
             ... with a crystal spear
             ... on level 3 of the Swamp on July 8, 2022.
             The game lasted 02:35:33 (42566 turns).

Sin92 the Thaumaturge (Demonspawn Hedge Wizard)    Turns: 42566, Time: 02:35:33

Health: -8/122     AC: 58    Str: 20    XL:     16   Next: 40%
Magic:  0/30       EV: 15    Int: 24    God:    Sif Muna [****..]
Gold:   817        SH: 11    Dex: 20    Spells: 13/35 levels left

rFire   . . .      SeeInvis +   j - +8 dagger (protect)
rCold   . . .      Faith    .   X - +1 buckler {rN+}
rNeg    + + .      Spirit   +   b - +10 pearl dragon scales of the Armadillo {*Corrode rElec rN+ Int+6}
rPois   +          Reflect  +   z - +2 helmet
rElec   +          Harm     .   y - +2 cloak
rCorr   .          Rampage  .   w - +0 pair of gloves
Will    +....                   q - +2 pair of boots
Stlth   ++........              R - amulet of reflection
HPRegen 0.30/turn               B - ring of poison resistance
MPRegen 0.44/turn               Q - ring of Ycyplenae {rElec AC+4 Str+7 Dex+4 SInv}

@: sanguine armoured, under a protective aura
A: icemail 1, augmentation 1, magic shield, magic regeneration, sanguine armour
3, condensation shield, demonic touch 2
a: Renounce Religion, Channel Magic, Forget Spell, Divine Exegesis


You were on level 3 of the Swamp.
You worshipped Sif Muna.
Sif Muna was greatly pleased with you.
You visited 5 branches of the dungeon, and saw 27 of its levels.
You visited the Abyss 2 times.

You collected 2533 gold pieces.
You spent 1716 gold pieces at shops.

Inventory:

Hand Weapons
 e - a +2 scimitar of distortion
 j - a +8 dagger of protection (weapon)
 S - a +2 double sword
Missiles
 D - a throwing net
Armour
 b - the +10 pearl dragon scales of the Armadillo (worn) {*Corrode rElec rN+ Int+6}
   (You found it on level 7 of the Dungeon)

   Int:       It affects your intelligence (+6).
   rElec:     It insulates you from electricity.
   rN:        It protects you from negative energy.
   *Corrode:  It may corrode you when you take damage.
 q - a +2 pair of boots (worn)
 w - a +0 pair of gloves (worn)
 y - a +2 cloak (worn)
 z - a +2 helmet (worn)
 X - a +1 buckler of positive energy (worn)
Jewellery
 d - an amulet of faith
 i - a ring of see invisible
 m - a +4 ring of protection
 o - a ring of protection from fire
 B - a ring of poison resistance (left hand)
 C - an amulet of regeneration
 Q - the ring of Ycyplenae (right hand) {rElec AC+4 Str+7 Dex+4 SInv}
   (You bought it in a shop on level 2 of the Orcish Mines)

   [ring of protection]

   AC:        It affects your AC (+4).
   Str:       It affects your strength (+7).
   Dex:       It affects your dexterity (+4).
   rElec:     It insulates you from electricity.
   SInv:      It lets you see invisible.
 R - an amulet of reflection (around neck)
 T - a ring of resist corrosion
 W - a ring of protection from cold
Wands
 l - a wand of digging (21)
Scrolls
 a - 2 scrolls of fear
 f - 4 scrolls of enchant armour
 k - 5 scrolls of teleportation
 u - 3 scrolls of fog
 K - 5 scrolls of identify
 L - 5 scrolls of amnesia
 O - a scroll of magic mapping
 Z - a scroll of blinking
Potions
 c - a potion of cancellation
 g - a potion of resistance {unknown}
 h - 12 potions of curing
 p - 2 potions of ambrosia
 t - 4 potions of mutation
 v - a potion of flight
 A - 4 potions of haste
 H - 2 potions of might
 I - 3 potions of brilliance


   Skills:
 + Level 9.9 Fighting
 + Level 9.2(9.6) Short Blades
 - Level 3.8(7.0) Long Blades
 - Level 1.8 Slings
 + Level 8.9 Armour
 + Level 9.3 Dodging
 - Level 6.1 Stealth
 + Level 2.5 Shields
 * Level 10.4 Spellcasting
 + Level 10.0 Conjurations
 + Level 6.5 Hexes
 + Level 10.0 Summonings
 + Level 9.2 Translocations
 - Level 7.8 Invocations


You had 13 spell levels left.
You knew the following spells:

 Your Spells              Type           Power      Damage    Failure   Level
a - Magic Dart            Conj           100%       1d8       1%          1
b - Blink                 Tloc           100%       N/A       1%          2
c - Slow                  Hex            100%       N/A       1%          1
d - Call Imp              Summ           57%        N/A       1%          2
e - Foxfire               Conj/Fire      100%       2x1d9     2%          1
f - Iskenderun's Mystic   Conj/Tloc      56%        2d12      3%          4
g - Iskenderun's Battles  Conj           57%        2d11      9%          5
h - Dazzling Flash        Conj/Hex       100%       N/A       1%          3
i - Summon Guardian Gole  Hex/Summ       51%        N/A       1%          3

Your spell library contained the following spells:

 Spells                   Type           Power      Damage    Failure   Level
 Portal Projectile        Hex/Tloc       100%       N/A       2%          3
 Static Discharge         Conj/Air       36%        N/A       3%          2
 Tukima's Dance           Hex            44%        N/A       4%          3
 Fulminant Prism          Conj/Hex       25%        3d14      6%          4
 Conjure Flame            Conj/Fire      36%        6-21      8%          3
 Cause Fear               Hex            22%        N/A       13%         4
 Inner Flame              Hex/Fire       28%        N/A       16%         3
 Mephitic Cloud           Conj/Pois/Air  28%        N/A       16%         3
 Summon Mana Viper        Hex/Summ       51%        N/A       19%         5
 Animate Skeleton         Necr           24%        N/A       21%         1
 Beastly Appendage        Tmut           24%        N/A       21%         1
 Pain                     Necr           48%        1d6       21%         1
 Flame Wave               Conj/Fire      36%        2d9       26%         4
 Hailstorm                Conj/Ice       36%        3d9       26%         4
 Sticky Flame             Conj/Fire      36%        2d6       26%         4
 Summon Lightning Spire   Summ/Air       36%        N/A       26%         4
 Wereblood                Tmut           12%        N/A       30%         2
 Anguish                  Hex/Necr       14%        N/A       45%         4
 Ignite Poison            Fire/Tmut/Pois 12%        N/A       52%         3
 Ozocubu's Armour         Ice            12%        N/A       52%         3
 Spider Form              Tmut/Pois      12%        N/A       52%         3
 Vampiric Draining        Necr           12%        2d6       52%         3
 Fireball                 Conj/Fire      18%        3d9       56%         5
 Irradiate                Conj/Tmut      18%        3d19      56%         5
 Lightning Bolt           Conj/Air       18%        1d32      56%         5
 Metabolic Englaciation   Hex/Ice        14%        N/A       82%         5
 Airstrike                Air            6%         N/A       89%         4
 Ice Form                 Ice/Tmut       12%        N/A       89%         4
 Orb of Destruction       Conj           28%        9d9       95%         7
 Spellforged Servitor     Conj/Summ      28%        N/A       95%         7
 Summon Hydra             Summ           28%        N/A       95%         7
 Malign Gateway           Summ/Tloc      28%        N/A       97%         7
 Conjure Ball Lightning   Conj/Air       18%        3x3d6     98%         6
 Simulacrum               Ice/Necr       6%         N/A       100%        6
 Dragon Form              Tmut           6%         N/A       100%        7
 Enfeeble                 Hex            22%        N/A       100%        7
 Chain Lightning          Conj/Air       18%        3d24      100%        9
 Dragon's Call            Summ           28%        N/A       100%        9
 Fire Storm               Conj/Fire      18%        8d5       100%        9


Dungeon Overview and Level Annotations

Branches:
Dungeon (15/15)            Temple (1/1) D:7            Lair (6/6) D:10
  Swamp (3/4) Lair:2        Snake (0/4) Lair:2        Slime (0/5) Lair:6
    Orc (2/2) D:9             Elf (0/3) Orc:2        Vaults (0/5) D:13
 Depths (0/4) D:15

Altars:
Ashenzari
Cheibriados
Dithmenos
Elyvilon
Fedhas
Gozag
Hepliaklqana
Kikubaaqudgha
Makhleb
Nemelex Xobeh
Okawaru
Qazlal
Ru
Sif Muna
Trog
Uskayaw
Vehumet
Wu Jian
Xom
Zin
The Shining One
Beogh

Shops:
Orc:2 (***

Annotations:
Swamp:3 Roxanne


Innate Abilities, Weirdness & Mutations

A meltable icy envelope protects you from harm. (AC +0)
Your magical and physical power is slightly enhanced at high health.
When hurt, damage is shared between your health and your magic reserves.
You regenerate magic rapidly.
When seriously injured, your blood forms very thick armour. (AC +12)
A meltable shield of frost defends you. (SH +0)
Your touch may inflict irresistible damage on your foes.


Message History

Roxanne says, "At least I didn't end up somewhere with nobody to talk to."
You hit Roxanne but do no damage.
Roxanne is almost destroyed.
You hit Roxanne but do no damage.
Roxanne is almost destroyed.
You hit Roxanne but do no damage.
Roxanne is severely damaged.
You hit Roxanne but do no damage.
Roxanne is severely damaged.
You hit Roxanne but do no damage.
Roxanne is severely damaged.
You hit Roxanne but do no damage.
Roxanne is severely damaged.
You completely miss Roxanne.
Roxanne is severely damaged.
You hit Roxanne.
Roxanne is almost destroyed.
Roxanne casts a spell.
The iron shot misses you.
You hit Roxanne but do no damage.
Roxanne is almost destroyed.
You hit Roxanne but do no damage.
Roxanne is almost destroyed.
You hit Roxanne.
Roxanne is almost destroyed.
You hit Roxanne.
Roxanne is almost destroyed.
You hit Roxanne.
Roxanne is almost destroyed.
You hit Roxanne but do no damage.
Roxanne is almost destroyed.
You hit Roxanne but do no damage.
Roxanne is almost destroyed.
You hit Roxanne but do no damage.
Roxanne is almost destroyed.
You hit Roxanne but do no damage.
Roxanne is almost destroyed.
Roxanne casts a spell.
The crystal spear hits you!!!
You die...

♣≈....♣♣ ♣♣≈..≈..♣♣♣♣
♣♣≈≈≈.≈..≈≈≈♣♣♣ ♣♣♣♣♣
♣.≈.♣≈.≈[...≈..≈♣♣♣♣♣♣..≈≈
♣≈≈.....≈.♣≈≈.≈....≈...≈≈≈
♣.≈.$....≈§♣♣≈...≈≈≈≈≈.≈.≈
♣.≈≈:♣≈♣...)♣.≈♣..≈≈≈≈≈.♣..
♣.≈≈§♣♣♣♣.8..≈≈♣♣^≈≈≈≈≈}♣.≈
♣♣♣≈≈§♣♣..@..≈.♣≈.≈≈≈§.♣≈.<
♣≈....≈.......≈.≈§≈≈§.≈..
..≈^...≈≈≈§...≈≈§≈≈≈≈...
.≈≈≈≈.≈≈≈≈≈..≈≈≈≈≈≈≈≈..≈
≈§≈≈≈....≈≈..≈≈≈≈≈≈≈≈.♣.
.......≈§≈§..≈≈≈≈≈≈≈≈...
≈≈...♣.≈≈≈≈.≈.≈≈≈≈≈≈≈...
≈≈≈.♣♣♣♣..[♣♣≈≈≈§≈§≈....
≈≈.♣ ♣≈≈..≈≈♣.≈♣≈.≈≈≈≈≈.


You could see Roxanne.

Vanquished Creatures
  Rupert (D:12)
  A tentacled starspawn (Abyss:1)
  Kirke (Swamp:1)
  Agnes (D:14)
  A storm dragon (D:10)
  Louise (Swamp:1)
  An eleionoma (Swamp:2)
  3 bunyips
  A fire dragon (Lair:6)
  Fannar (Orc:1)
  Erolcha (D:9)
  12 hydras
  A boulder beetle (D:13)
  A ghost crab (Swamp:3)
  7 centaur warriors
  A death knight (D:12)
  A catoblepas (D:13)
  3 alligators
  3 tengu warriors
  14 two-headed ogres
  13 death yaks
  A deep troll earth mage (D:11)
  3 thrashing horrors (Abyss:2)
  Urug (D:13)
  2 spriggan druids
  A goliath frog (Swamp:2)
  5 swamp dragons
  4 bog bodies
  A bunyip skeleton (Abyss:2)
  4 wizards
  A lindwurm (Lair:6)
  2 deep elf zephyrmancers (D:15)
  9 ugly things
  5 orc knights
  2 necromancers
  2 will-o-the-wisps
  3 deep elf pyromancers
  3 manticores
  A wolf spider (Lair:6)
  6 cyclopes
  An orc sorcerer (D:15)
  2 oklob plants
  6 centaur zombies
  A guardian serpent (Lair:6)
  A worldbinder (Abyss:2)
  Maurice (D:11)
  11 elephants
  9 black mambas
  2 smoke demons
  An apocalypse crab (Abyss:2)
  20 cane toads
  5 gargoyles
  A torpor snail (Lair:6)
  3 rime drakes (Lair:6)
  An unseen horror (D:12)
  4 kobold demonologists
  7 komodo dragons
  2 tengu conjurers
  A yaktaur (D:11)
  2 freezing wraiths
  4 tyrant leeches (Swamp:1)
  2 polar bears (Lair:6)
  8 trolls
  2 hornets (Lair:6)
  A wolf spider simulacrum (D:15)
  7 slime creatures
  14 dream sheep
  17 blink frogs
  A meliai zombie (D:15)
  5 raiju
  4 shadows
  22 yaks
  6 wraiths
  2 vampires
  A ynoxinul (Abyss:1)
  A hog (Swamp:1)
  16 wyverns
  7 basilisks
  A redback (Lair:6)
  2 steam dragons (Lair:6)
  2 neqoxecs (Abyss:1)
  3 large abominations
  8 vampire mosquitoes
  A basilisk (shapeshifter) (D:15)
  2 wargs (Orc:1)
  Menkaure (D:6)
  3 nagas (Lair:2)
  8 swamp worms
  2 acid dragons
  2 small abominations
  20 water moccasins
  2 swamp drakes (Lair:6)
  35 orc warriors
  5 black bears
  24 centaurs
  5 necrophages
  28 wolves
  4 ogres
  2 phantoms
  4 kobold brigands
  10 bullfrogs
  A wyvern zombie (D:7)
  3 scorpions
  3 killer bees (D:7)
  9 wights
  2 electric eels
  2 howler monkeys (D:9)
  A bullfrog zombie (D:5)
  A quasit (Abyss:2)
  Crazy Yiuf (D:5)
  6 jellies
  13 orc priests
  A gnoll shaman (D:8)
  3 hounds
  6 centaur skeletons
  7 iguanas
  A scorpion zombie (D:5)
  15 orc wizards
  Ijyb (D:3)
  2 howler monkey zombies
  11 gnolls
  4 adders
  A howler monkey skeleton (D:7)
  4 shadow imps
  4 white imps (D:7)
  3 ufetubi
  3 worms
  2 dart slugs
  75 orcs
  4 ball pythons
  6 endoplasms
  4 giant cockroaches
  18 goblins
  8 hobgoblins
  11 jackals
  3 quokkas
  10 bats
  15 frilled lizards
  14 kobolds
  6 rats
784 creatures vanquished.

Vanquished Creatures (collateral kills)
  A killer bee (D:7)
1 creature vanquished.

Vanquished Creatures (others)
  Nessos (D:15)
  A hydra (Swamp:3)
  3 bloated husks
  A human (Swamp:1)
  An ufetubus (D:6)
  2 orcs (D:6)
  2 bushes (Lair:5)
  28 foxfires
  63 fungi
  133 plants
  2 starspawn tentacles (Abyss:1)
237 creatures vanquished.

Grand Total: 1022 creatures vanquished

Notes
Turn   | Place    | Note
-------+----------+-------------------------------------------
     0 | D:1      | Sin92 the Demonspawn Hedge Wizard began the quest for the
                  | Orb.
     0 | D:1      | Reached XP level 1. HP: 13/13 MP: 4/4
   163 | D:1      | Reached skill level 1 in Translocations
   263 | D:1      | Gained mutation: Your touch may inflict minor irresistible
                  | damage on your foes. [demonic ancestry]
   263 | D:1      | Reached XP level 2. HP: 15/19 MP: 6/6
   616 | D:1      | Found a faded altar of an unknown god.
  1093 | D:2      | Gained mutation: When seriously injured, your blood forms
                  | armour. (AC +12) [demonic ancestry]
  1093 | D:2      | Reached XP level 3. HP: 23/25 MP: 0/7
  1284 | D:2      | Reached skill level 1 in Short Blades
  1305 | D:2      | Reached skill level 1 in Fighting
  1311 | D:2      | Gained mutation: When seriously injured, your blood forms
                  | thick armour. (AC +12) [demonic ancestry]
  1311 | D:2      | Reached XP level 4. HP: 20/32 MP: 1/8
  2771 | D:3      | Learned a level 2 spell: Blink
  2849 | D:3      | Reached XP level 5. HP: 37/37 MP: 4/9
  3637 | D:3      | Reached skill level 1 in Slings
  3806 | D:3      | Noticed Ijyb
  3821 | D:3      | Killed Ijyb
  4219 | D:4      | Noticed a necrophage
  4406 | D:4      | Reached skill level 1 in Armour
  4434 | D:4      | Noticed a necrophage
  4443 | D:4      | Killed a necrophage
  4444 | D:4      | Gained mutation: A meltable shield of frost defends you.
                  | (SH +0) [demonic ancestry]
  4444 | D:4      | Reached XP level 6. HP: 37/44 MP: 11/11
  5252 | D:4      | Gained mutation: You regenerate magic rapidly. [demonic
                  | ancestry]
  5252 | D:4      | Reached XP level 7. HP: 50/50 MP: 12/12
  5792 | D:5      | Entered Level 5 of the Dungeon
  6288 | D:5      | Found a runed translucent door.
  6289 | D:5      | Noticed Crazy Yiuf
  6455 | D:5      | Reached XP level 8. HP: 55/57 MP: 11/14
  7037 | D:5      | Killed Crazy Yiuf
  7522 | D:6      | Noticed Menkaure
  7535 | D:6      | Killed Menkaure
  7693 | D:6      | Gained mutation: When seriously injured, your blood forms
                  | very thick armour. (AC +12) [demonic ancestry]
  7693 | D:6      | Reached XP level 9. HP: 65/65 MP: 11/15
  8923 | D:7      | Noticed a red ugly thing
  8947 | D:7      | Killed a red ugly thing
  8948 | D:7      | Reached skill level 5 in Spellcasting
  9789 | D:7      | Reached skill level 5 in Conjurations
  9832 | D:7      | Gained mutation: When hurt, damage is shared between your
                  | health and your magic reserves. [demonic ancestry]
  9832 | D:7      | Reached XP level 10. HP: 48/73 MP: 15/18
  9835 | D:7      | Reached skill level 5 in Summonings
 10400 | D:7      | Found a staircase to the Ecumenical Temple.
 10410 | Temple   | Entered the Ecumenical Temple
 10528 | Temple   | Became a worshipper of Sif Muna the Loreminder
 10858 | D:7      | Reached skill level 5 in Dodging
 10862 | D:7      | Reached skill level 5 in Fighting
 10906 | D:7      | Reached skill level 5 in Short Blades
 10918 | D:7      | Identified the +10 pearl dragon scales of the Armadillo
                  | {*Corrode rElec rN+ Int+6}
 11150 | D:7      | Learned a level 1 spell: Slow
 11213 | D:7      | Reached * piety under Sif Muna
 11575 | D:8      | Found a hide-covered altar of Uskayaw.
 11609 | D:8      | Reached skill level 5 in Translocations
 11836 | D:8      | Noticed a +0 hand axe
 11838 | D:8      | Noticed a +0 dagger
 12326 | D:8      | Identified the +1 arbalest of Misery {penet, rF+ Str-3
                  | Dex+5}
 12349 | D:9      | Noticed Erolcha
 12406 | D:9      | Reached ** piety under Sif Muna
 12441 | D:9      | Reached skill level 5 in Armour
 12639 | D:9      | Noticed a two-headed ogre
 12653 | D:9      | Reached XP level 11. HP: 80/80 MP: 20/20
 12680 | D:9      | Killed a two-headed ogre
 12799 | D:9      | Reached skill level 1 in Long Blades
 12864 | D:9      | Cast into level 1 of the Abyss (Erolcha)
 13034 | Abyss:1  | Noticed a rakshasa
 13157 | Abyss:1  | Noticed a tentacled starspawn
 13168 | Abyss:1  | Killed a tentacled starspawn
 13171 | D:9      | Escaped the Abyss
 13205 | D:9      | Killed Erolcha
 13387 | D:9      | Found a shimmering altar of Xom.
 13500 | D:9      | Reached *** piety under Sif Muna
 13641 | D:9      | Found a staircase to the Orcish Mines.
 13850 | D:10     | Entered Level 10 of the Dungeon
 13850 | D:10     | Noticed a two-headed ogre
 13864 | D:9      | Killed a two-headed ogre
 13952 | D:10     | Noticed a two-headed ogre
 13968 | D:10     | Killed a two-headed ogre
 14147 | D:10     | Noticed a two-headed ogre
 14166 | D:10     | Killed a two-headed ogre
 14327 | D:10     | Reached **** piety under Sif Muna
 14376 | D:10     | Found a staircase to the Lair.
 14586 | D:10     | Noticed a two-headed ogre
 14598 | D:10     | Noticed a centaur warrior
 14603 | D:10     | Killed a two-headed ogre
 14624 | D:10     | Reached skill level 1 in Invocations
 14633 | D:10     | Learned a level 2 spell: Call Imp
 14657 | D:10     | Killed a centaur warrior
 14658 | D:10     | Reached skill level 5 in Stealth
 15440 | Lair:1   | Entered Level 1 of the Lair of Beasts
 15469 | Lair:1   | Reached XP level 12. HP: 83/89 MP: 19/22
 16933 | Lair:1   | Noticed a seven-headed hydra
 16965 | Lair:1   | Killed a seven-headed hydra
 17285 | Lair:2   | Found a staircase to the Swamp.
 17429 | Lair:2   | Found a staircase to the Snake Pit.
 17911 | Lair:2   | Noticed a seven-headed hydra
 17921 | Lair:2   | Killed a seven-headed hydra
 18822 | Lair:3   | Noticed a four-headed hydra
 19305 | Lair:3   | Killed a four-headed hydra
 19722 | Lair:3   | Noticed a five-headed hydra
 19738 | Lair:3   | Killed a five-headed hydra
 19739 | Lair:3   | Gained mutation: A meltable icy envelope protects you from
                  | harm. (AC +0) [demonic ancestry]
 19739 | Lair:3   | Reached XP level 13. HP: 72/96 MP: 17/24
 20172 | Lair:4   | Found a broken altar of Ashenzari.
 20352 | Lair:4   | Reached skill level 1 in Hexes
 20367 | Lair:4   | Reached ***** piety under Sif Muna
 20667 | Lair:4   | Reached skill level 5 in Invocations
 21217 | Lair:5   | Received a gift from Sif Muna
 22788 | Lair:6   | Entered Level 6 of the Lair of Beasts
 23168 | Lair:6   | Found a staircase to the Slime Pits.
 23282 | Lair:6   | Received a gift from Sif Muna
 23283 | Lair:6   | Got Sif Muna's Catalogue of Attacks and Fire {god gift}
 23610 | Lair:6   | Gained mutation: Your touch may inflict irresistible damage
                  | on your foes. [demonic ancestry]
 23610 | Lair:6   | Reached XP level 14. HP: 88/104 MP: 26/26
 24167 | Lair:6   | Found a sparkling altar of Nemelex Xobeh.
 25903 | Lair:6   | Learned a level 1 spell: Foxfire
 25908 | Lair:6   | Learned a level 4 spell: Iskenderun's Mystic Blast
 26028 | Lair:6   | Learned a level 5 spell: Iskenderun's Battlesphere
 26615 | D:11     | Received a gift from Sif Muna
 26646 | D:11     | Got Sif Muna's Grimoire of Hexes and Moulding {god gift}
 26760 | D:11     | Noticed Maurice
 26777 | D:11     | Killed Maurice
 26859 | D:11     | Learned a level 3 spell: Dazzling Flash
 27439 | D:11     | Noticed a storm dragon
 28032 | D:10     | Killed a storm dragon
 28648 | D:11     | Gained mutation: Your magical and physical power is
                  | slightly enhanced at high health. [demonic ancestry]
 28648 | D:11     | Reached XP level 15. HP: 22/112 MP: 12/27
 29312 | D:12     | Reached skill level 5 in Hexes
 30252 | Orc:1    | Entered Level 1 of the Orcish Mines
 30252 | Orc:1    | Noticed Fannar
 30267 | Orc:1    | Killed Fannar
 30888 | Orc:2    | Entered Level 2 of the Orcish Mines
 31040 | Orc:2    | Received a gift from Sif Muna
 31075 | Orc:2    | Got Rafutoem's Grimoire of Confrontation and Companions
                  | {god gift}
 31978 | Orc:1    | Found a shimmering blue altar of Sif Muna.
 32343 | Orc:2    | Found Pust's Assorted Antiques.
 32343 | Orc:2    | Found Etuach's General Store.
 32370 | Orc:2    | Found Jeyti's Antique Weapon Emporium.
 32372 | Orc:2    | Found Nustiug's General Store.
 32382 | Orc:2    | Bought the ring of Ycyplenae {rElec AC+4 Str+7 Dex+4 SInv}
                  | for 1236 gold pieces
 32454 | Orc:2    | Bought an amulet of reflection for 480 gold pieces
 32681 | Orc:2    | Found a staircase to the Elven Halls.
 33227 | D:13     | Found a gate to the Vaults.
 33489 | D:13     | Noticed Urug
 33512 | D:13     | Killed Urug
 33684 | D:13     | Noticed Rupert
 33688 | D:13     | Paralysed by Rupert for 5 turns
 34086 | D:12     | Killed Rupert
 35392 | D:14     | Cast into level 2 of the Abyss (a wizard)
 35920 | Abyss:2  | Noticed a black draconian knight
 36038 | Abyss:2  | HP: 4/114 [starcursed mass/accursed screaming (4)]
 36132 | D:14     | Escaped the Abyss
 36737 | D:14     | Noticed Agnes
 36779 | D:14     | Killed Agnes
 36971 | D:15     | Entered Level 15 of the Dungeon
 37016 | D:15     | Noticed Nessos
 37044 | D:15     | Killed Nessos
 37095 | D:15     | Reached skill level 1 in Shields
 37806 | D:15     | Reached skill level 10 in Spellcasting
 37814 | D:15     | Learned a level 3 spell: Summon Guardian Golem
 38021 | D:15     | Identified the +1 robe of the Old and Reckless {Regen+
                  | Str+4 Int+2 Dex-4}
 38365 | D:15     | Reached XP level 16. HP: 67/121 MP: 28/30
 38565 | D:15     | Found a staircase to the Depths.
 38754 | Swamp:1  | Entered Level 1 of the Swamp
 38754 | Swamp:1  | Noticed Louise
 38862 | Swamp:1  | Killed Louise
 40053 | Swamp:1  | Noticed Kirke
 40080 | Swamp:1  | Killed Kirke
 41330 | Swamp:2  | Reached skill level 10 in Conjurations
 41820 | Swamp:3  | Reached skill level 10 in Summonings
 42467 | Swamp:3  | Identified Roxanne's Catalogue of Transmigration
 42467 | Swamp:3  | Noticed Roxanne
 42566 | Swamp:3  | Killed from afar by Roxanne

Illustrated notes

Levels and vault maps discovered:
D:1:      onia_arrival_mini_spirals, layout_loops_ring,
          ebering_ecumenical_altar_ruins, glass_columns_a
D:2:      layout_loops_cross, minmay_misc_feat_enclosed,
          nicolae_concentric_dashed_squares_mild, st_stairs_6,
          lightli_corner_chamber
D:3:      kennysheep_goblin_castle, layout_basic, minmay_goblin_outpost
D:4:      minmay_recursive_quarters, layout_basic, palyth_stone_intersect
D:5:      layout_gridville, chequers_serial_rivers_room_b, minmay_lizard_king,
          uniq_crazy_yiuf_cottage
D:6:      layout_loops_cross, kennysheep_generic_room_5, uniq_menkaure
D:7:      minmay_the_grid_octo_2x2 [minmay_the_grid_octo_toaster,
          minmay_the_grid_octo_thin_diamonds, minmay_the_grid_octo_fan_narrow,
          minmay_the_grid_octo_prize_big_c], layout_layer_cave,
          minmay_temple_entry_nine_rooms
D:8:      layout_basic, dancing_weapons_uskayaw, grunt_decor_mini_mirrors
D:9:      layout_roguey, mainiacjoe_overflow_brackets, hiddenorc2_lemuel,
          uniq_erolcha
D:10:     layout_irregular_city, grunt_lair_entry_orc_guard_hut, st_stairs_11,
          minmay_checkerbox
D:11:     nzn_winding_woodlands_cross [nzn_winding_woodlands_5x15_default,
          nzn_winding_woodlands_5x15_parted,
          nzn_winding_woodlands_5x15_concentric,
          nzn_winding_woodlands_5x15_longhouse,
          nzn_winding_woodlands_15x15_thick_spiral], layout_rooms, uniq_maurice
D:12:     layout_irregular_city, wad_rectangle_vault
D:13:     layout_stronghold, david_vaults_1, uniq_urug, uniq_rupert
D:14:     layout_rooms, serial_glass, glass_columns_c, glass_columns_a,
          glass_columns_a, glass_columns_a, glass_columns_a, glass_columns_b,
          glass_columns_c, glass_columns_a, glass_columns_a, glass_columns_a,
          glass_columns_b, glass_columns_b, glass_columns_a, glass_columns_a,
          hangedman_abyss_or_decor_stagger, uniq_agnes
D:15:     grunt_enter_depths_magical_seal, layout_basic, serial_bayou_pond_d,
          grunt_ministairs_15, uniq_nessos
Temple:   regret_index_temple_chain_breaker
Lair:1:   layout_layer_cave, chequers_serial_rivers_large_a,
          serial_bayou_ford_a, infiniplex_staircase_pool_2
Lair:2:   layout_small_grid, skrybe_swamp_entry_bodies,
          guppyfry_snake_entry_island, minivault_24
Lair:3:   layout_chaotic_city, serial_bayou, serial_bayou_shore_b,
          serial_bayou_crossing, serial_bayou_shore_b, serial_bayou_pond_d
Lair:4:   layout_long_grid, basic_altar, lemuel_fruit_tree, grunt_megastairs_3
Lair:5:   layout_regular_city
Lair:6:   guppyfry_lair_end_dragon, layout_gridlike,
          hangedman_lair_tendril_chambers, nicolae_slime_entry_slimehenge,
          lemuel_oklob_altar
Swamp:1:  layout_basic_swamp, nicolae_swamp_round_clearing,
          nicolae_swamp_little_swirl, uniq_louise, uniq_kirke
Swamp:2:  layout_basic_swamp, nicolae_swamp_small_spring
Swamp:3:  layout_basic_swamp, evilmike_swamp_ruin_house_4, swamp_pool2,
          nicolae_swamp_necromancy_gone_wrong, uniq_roxanne
Orc:1:    layout_diamond_mine, kennysheep_orc_sif_temple, uniq_fannar
Orc:2:    st_orc_rangers, layout_caves, basic_altar

Skill      XL: |  1  2  3  4  5  6  7  8  9 10 11 12 13 14 15 16 |
---------------+-------------------------------------------------+-----
Translocations | 1 2 3 4 5 6 7 8 9 |  9.2
Dodging        | 2 3 4 5 6 7 8 9 |  9.3
Stealth        | 2 4 5 6 |  6.1
Short Blades   | 1 2 3 4 5 6 7 8 9 |  9.2
Fighting       | 1 2 3 4 5 6 7 8 9 |  9.9
Slings         | 1 |  1.8
Armour         | 1 2 3 4 5 6 7 8 |  8.9
Summonings     | 2 3 4 5 6 7 8 9 10 | 10.0
Conjurations   | 2 3 4 5 6 7 8 9 10 | 10.0
Spellcasting   | 4 5 6 7 8 10 | 10.4
Long Blades    | 2 3 |  3.8
Invocations    | 1 4 6 7 |  7.8
Hexes          | 3 4 6 |  6.5
Shields        | 1 2 |  2.5

Action                   |  1- 3 |  4- 6 |  7- 9 | 10-12 | 13-15 | 16-18 || total
-------------------------+-------+-------+-------+-------+-------+-------++-------
Melee: Dagger            |    77 |   140 |   253 |  1101 |  2725 |   695 ||  4991
       Touch             |     8 |    24 |    59 |   239 |   503 |       ||   833
       Punch             |     1 |     2 |     4 |    24 |    36 |       ||    67
Throw: Throwing net      |       |       |       |     1 |       |       ||     1
 Cast: Magic Dart        |    28 |    98 |    84 |    10 |    24 |     3 ||   247
       Blink             |       |       |     1 |       |     5 |    11 ||    17
       Slow              |       |       |       |    30 |   150 |     1 ||   181
       Call Imp          |       |       |       |     2 |       |       ||     2
       Foxfire           |       |       |       |       |     1 |       ||     1
       Dazzling Flash    |       |       |       |       |     7 |    19 ||    26
       Iskenderun's Batt |       |       |       |       |     3 |       ||     3
       Iskenderun's Myst |       |       |       |       |     2 |     2 ||     4
       Summon Guardian G |       |       |       |       |     1 |     2 ||     3
  Use: Scroll            |     3 |     5 |     9 |    10 |    16 |     4 ||    47
       Potion            |       |       |     2 |     5 |     5 |     2 ||    14
 Stab: Sleeping          |     2 |     1 |     1 |     2 |     1 |       ||     7
       Distracted        |       |       |       |     1 |     1 |       ||     2
       Invisible         |       |       |       |       |     6 |    10 ||    16
       Petrified         |       |       |       |       |     2 |       ||     2
       Paralysed         |       |       |       |       |     1 |       ||     1
Armor: Robe              |    23 |       |    26 |    44 |       |       ||    93
       Leather armour    |     1 |    22 |       |       |       |       ||    23
       Scale mail        |       |    18 |    75 |       |       |       ||    93
       Pearl dragon scal |       |       |       |   658 |  1521 |   273 ||  2452
       Skin              |       |       |       |     7 |       |       ||     7
Dodge: Dodged            |    51 |    69 |   104 |   451 |  1166 |   234 ||  2075
Block: Other             |       |     8 |    32 |   162 |   308 |       ||   510
       Buckler           |       |       |       |       |   381 |   307 ||   688
       Reflection        |       |       |       |       |    29 |     4 ||    33
